 Dungeon Crawl Stone Soup version 0.20.1-1-g8b1a95d (webtiles) character file.

19356 raph the Carver (level 12, -4/106 HPs)
             Began as a Minotaur Monk on Dec 21, 2017.
             Was a High Priest of Okawaru.
             Splashed by an oklob plant's acid (16 damage)
             ... on level 3 of the Lair of Beasts.
             The game lasted 00:35:35 (15506 turns).

raph the Carver (Minotaur Monk)                    Turns: 15506, Time: 00:35:35

Health: -4/106     AC:  1    Str: 17    XL:     12   Next: 35%
Magic:  11/15      EV: 10    Int:  7    God:    Okawaru [*****.]
Gold:   135        SH: 10    Dex: 20    Spells: 11/11 levels left

rFire    . . .     SeeInvis .   a - +6 demon blade of Gitexag {flame, rC+}
rCold    + + .     Gourm    .   w - +1 buckler {AC+3}
rNeg     + . .     Faith    .   K - +0 plate armour
rPois    .         Spirit   .   (helmet restricted)
rElec    .         Reflect  +   h - +0 cloak
rCorr    .         Harm     .   P - +2 pair of gloves {Dex+3}
MR       .....                  (no boots)
Stlth    ..........             n - +3 amulet of reflection
Regen    0.3/turn               y - ring of positive energy
MPRegen  0.2/turn               Y - ring of protection from cold

@: finesse, corroded
A: retaliatory headbutt, horns 2
a: Heroism, Finesse, Renounce Religion


You were on level 3 of the Lair of Beasts.
You worshipped Okawaru.
Okawaru was extremely pleased with you.
You were not hungry.

You visited 3 branches of the dungeon, and saw 13 of its levels.
You also visited: Labyrinth and Sewer.

You collected 525 gold pieces.
You spent 390 gold pieces at shops.

Inventory:

Hand Weapons
 a - the +6 demon blade of Gitexag (weapon) {flame, rC+}
   (Okawaru gifted it to you on level 2 of the Lair of Beasts)

   It has been specially enchanted to burn those struck by it, causing extra
   injury to most foes and up to half again as much damage against particularly
   susceptible opponents.
   Big, fiery blades are also staple armaments of hydra-hunters.
   It protects you from cold.
 f - a +1 scimitar of freezing
 k - the +4 hand crossbow of Itzi {flame, *Corrode rC+ Int+2 Dex+4, unknown}
   (You found it on level 3 of the Lair of Beasts)

   It causes projectiles fired from it to burn those they strike, causing extra
   injury to most foes and up to half again as much damage against particularly
   susceptible opponents.
   It affects your intelligence (+2).
   It affects your dexterity (+4).
   It protects you from cold.
   It may corrode you when you take damage.
 S - the +9 scimitar of Perversion {antimagic, rC+ Str+2 Int-5}
   (Okawaru gifted it to you on level 9 of the Dungeon)

   It reduces the magical energy of the wielder, and disrupts the spells and
   magical abilities of those hit.
   Natural abilities and divine invocations are not affected.
   It affects your strength (+2).
   It affects your intelligence (-5).
   It protects you from cold.
Missiles
 e - 20 tomahawks (quivered)
Armour
 h - a +0 cloak (worn)
 w - a +1 buckler of protection (worn)
 C - a +0 chain mail
 J - a +3 leather armour of fire resistance
 K - a +0 plate armour (worn)
 L - a +2 ring mail of fire resistance
 P - a +2 pair of gloves of dexterity (worn)
Magical Staves
 X - an uncursed staff of earth
Jewellery
 n - a +3 amulet of reflection (around neck)
 y - a ring of positive energy (left hand)
 Y - a ring of protection from cold (right hand)
Wands
 b - a wand of polymorph (11/24)
 s - a wand of paralysis (15/24)
 A - a wand of lightning (5/15)
 N - a wand of iceblast (9/15)
Scrolls
 g - a scroll of amnesia
 l - 4 scrolls of immolation
 m - 5 scrolls of remove curse
 p - 3 scrolls of fear
 t - 6 scrolls of teleportation
 u - a scroll of recharging
 F - 2 scrolls of fog
 G - 2 scrolls of identify
 T - 3 scrolls of enchant weapon
Potions
 d - 4 potions of agility
 i - 4 potions of flight
 j - 7 potions of brilliance
 o - 2 potions of cancellation
 r - 3 potions of curing
 v - 3 potions of resistance {unknown}
 B - 3 potions of degeneration {unknown}
 E - 4 potions of lignification
 I - 2 potions of haste
 O - 2 potions of mutation {unknown}
Books
 D - a book of Necromancy

   Spells                             Type                      Level
   a - Pain                           Necromancy                   1
   b - Animate Skeleton               Necromancy                   1
   c - Vampiric Draining              Necromancy                   3
   d - Regeneration                   Charms/Necromancy            3
   e - Animate Dead                   Necromancy                   4
   f - Control Undead                 Necromancy                   4
 M - a book of Misfortune

   Spells                             Type                      Level
   a - Confusing Touch                Hexes                        1
   b - Confuse                        Hexes                        3
   c - Gell's Gravitas                Translocation                3
   d - Petrify                        Transmutation/Earth          4
   e - Metabolic Englaciation         Hexes/Ice                    5
   f - Yara's Violent Unravelling     Hexes/Transmutation          5
 Q - a book of Conjurations

   Spells                             Type                      Level
   a - Magic Dart                     Conjuration                  1
   b - Searing Ray                    Conjuration                  2
   c - Dazzling Spray                 Conjuration/Hexes            3
   d - Fulminant Prism                Conjuration/Hexes            4
   e - Force Lance                    Conjuration/Translocation    4
   f - Iskenderun's Mystic Blast      Conjuration                  4
Miscellaneous
 U - a phantom mirror
 W - a sack of spiders
Comestibles
 c - 10 bread rations
 q - 6 royal jellies
 z - 9 fruits
 R - 3 meat rations


   Skills:
 + Level 10.0 Fighting
 * Level 13.5 Long Blades
 + Level 8.7 Armour
 + Level 9.3 Dodging
 - Level 5.1 Stealth
 + Level 7.1 Shields
 + Level 6.6 Invocations
 + Level 3.0 Evocations


You had 11 spell levels left.
You didn't know any spells.

Dungeon Overview and Level Annotations

Branches:
Dungeon (9/15)             Temple (1/1) D:6            Lair (3/6) D:9
  Swamp (0/4) Lair:3        Snake (0/4) Lair:3          Orc (0/2) D:9

Altars:
Ashenzari
Cheibriados
Dithmenos
Elyvilon
Fedhas
Gozag
Hepliaklqana
Kikubaaqudgha
Makhleb
Nemelex Xobeh
Okawaru
Qazlal
Ru
Sif Muna
Trog
Uskayaw
Vehumet
Xom
Yredelemnul
Zin
The Shining One
Beogh

Shops:
D:5 }   D:7 [**(   D:9 }*}

Annotations:
Lair:3 exclusion: 4 oklob plants


Innate Abilities, Weirdness & Mutations

You reflexively headbutt those who attack you in melee.
You have a pair of horns on your head.


Message History

You see here an encrusted hand crossbow.
k - an encrusted hand crossbow The oklob plant spits acid at you.
The splash of acid hits you! The acid corrodes you!
You are splashed with acid!
The acid burns!
The oklob plant spits acid at you. The splash of acid hits you!
* * * LOW HITPOINT WARNING * * *
The acid corrodes you!
You are splashed with acid!
The acid burns!
* * * LOW HITPOINT WARNING * * *
You feel better. The oklob plant spits acid at you.
The splash of acid reflects off an invisible shield around you!
The splash of acid hits the oklob plant.
The oklob plant completely resists.
The oklob plant spits acid at you. The splash of acid hits you!
* * * LOW HITPOINT WARNING * * *
The acid corrodes you!
You are splashed with acid!
The acid burns!
You die...

#........###.#..>..
#..................
###......P..........
#.#...._..P.........
##..................
#...#...............
##..................
#..................
#######@....#####.P..P..
#!.P........# #######.
#$/(.P......# #.
#$..$.P....## *.
#$=.P......#** *.
#.P..$......P**********,
#######.....P.**,**,,,,,
#.......,,,,,,,,,,
*.......,,,,,,,,,,


You could see 4 oklob plants.

Vanquished Creatures
  A minotaur (Lab)
  3 hydras
  Erolcha (D:9)
  2 two-headed ogres
  The ghost of Tiamon the Severer, a novice HOFi of Beogh (D:8)
  A swamp dragon (Lair:3)
  A guardian serpent (Lair:3)
  6 spiny frogs
  A troll (D:9)
  Prince Ribbit (D:6)
  A hornet (D:7)
  4 blink frogs (Lair:3)
  6 hippogriffs
  A vampire (D:9)
  Sigmund (D:6)
  6 yaks (Lair:2)
  3 basilisks
  2 hungry ghosts (D:8)
  4 swamp worms (Lair:3)
  Edmund (D:6)
  9 water moccasins
  11 porcupines
  An orc warrior (D:9)
  A phantom (D:7)
  2 ice beasts
  3 black bears
  A wolf (D:9)
  5 centaurs
  2 ogres (D:6)
  5 crocodiles
  A big kobold (Sewer)
  14 bullfrogs
  A scorpion (Lair:1)
  7 wights
  2 howler monkeys
  An electric eel (Lair:3)
  3 crimson imps
  2 jellies
  Crazy Yiuf (D:7)
  3 orc priests
  2 hounds
  3 orc wizards
  2 bullfrog skeletons
  3 iguanas
  Terence (D:2)
  12 worker ants
  5 hell rats (Lair:2)
  Natasha (thrice) (D:3 D:5)
  A killer bee zombie (D:6)
  2 howler monkey zombies
  Robin (D:3)
  17 adders
  7 gnolls
  17 river rats
  A shadow imp (D:5)
  4 oozes
  An adder zombie (D:8)
  4 worms
  An adder skeleton (D:9)
  7 leopard geckos
  21 orcs
  6 bats
  5 giant cockroaches
  17 goblins
  14 hobgoblins
  7 jackals (D:1)
  9 kobolds
  9 quokkas
  A ball python (Sewer)
  3 frilled lizards
  2 jackal zombies
  A quokka skeleton (D:8)
  24 rats
335 creatures vanquished.

Vanquished Creatures (collateral kills)
  A water moccasin (Lair:3)
1 creature vanquished.

Vanquished Creatures (others)
  A bush (D:9)
  6 fungi
  32 plants
39 creatures vanquished.

Grand Total: 375 creatures vanquished

Notes
Turn   | Place    | Note
-------+----------+-------------------------------------------
     0 | D:1      | raph the Minotaur Monk began the quest for the Orb.
     0 | D:1      | Reached XP level 1. HP: 19/19 MP: 0/0
   107 | D:1      | Reached XP level 2. HP: 27/27 MP: 1/1
   161 | D:1      | Reached skill level 4 in Long Blades
   639 | D:1      | Reached XP level 3. HP: 33/33 MP: 2/2
  1223 | D:2      | Reached XP level 4. HP: 33/40 MP: 3/3
  1303 | D:2      | Noticed Terence
  1309 | D:2      | Killed Terence
  1309 | D:2      | Reached skill level 5 in Long Blades
  2187 | D:3      | Reached XP level 5. HP: 37/46 MP: 4/4
  2288 | D:3      | Found a glowing drain.
  2327 | Sewer    | Entered a sewer
  2706 | Sewer    | Reached XP level 6. HP: 51/53 MP: 5/5
  2983 | D:3      | Reached skill level 6 in Long Blades
  3133 | D:3      | Noticed Natasha
  3136 | D:3      | Killed Natasha
  3379 | D:3      | Noticed Robin
  3387 | D:3      | Killed Robin
  4462 | D:4      | Reached skill level 5 in Fighting
  4462 | D:4      | Reached skill level 1 in Shields
  4462 | D:4      | Reached XP level 7. HP: 56/61 MP: 6/6
  4468 | D:4      | Reached skill level 1 in Armour
  4569 | D:4      | Reached skill level 7 in Long Blades
  4863 | D:5      | Entered Level 5 of the Dungeon
  4875 | D:5      | Reached skill level 5 in Dodging
  4902 | D:5      | Noticed Natasha
  4908 | D:5      | Killed Natasha
  5191 | D:5      | Found a blossoming altar of Fedhas.
  5218 | D:5      | Noticed Natasha
  5221 | D:5      | Killed Natasha
  5221 | D:5      | Reached XP level 8. HP: 70/70 MP: 7/7
  5480 | D:5      | Found Sosaikew's Gadget Shoppe.
  5575 | D:5      | Reached skill level 8 in Long Blades
  5831 | D:6      | Noticed Prince Ribbit
  5843 | D:6      | Killed Prince Ribbit
  6087 | D:6      | Noticed Edmund
  6089 | D:6      | Noticed Sigmund
  6092 | D:6      | Killed Edmund
  6092 | D:6      | Reached skill level 9 in Long Blades
  6101 | D:6      | Killed Sigmund
  6101 | D:6      | Reached skill level 5 in Stealth
  6101 | D:6      | Reached XP level 9. HP: 75/78 MP: 8/8
  6413 | D:6      | Found a staircase to the Ecumenical Temple.
  6419 | Temple   | Entered the Ecumenical Temple
  6583 | Temple   | Became a worshipper of Warmaster Okawaru
  6583 | Temple   | Reached * piety under Okawaru
  6583 | Temple   | Reached ** piety under Okawaru
  6726 | D:7      | Found Jucaom Leto's Assorted Antiques.
  6731 | D:7      | Found Poummysk's Armour Boutique.
  6757 | D:7      | Bought a +2 pair of gloves of dexterity for 279 gold pieces
  6962 | D:7      | Found a runed door.
  7101 | D:7      | Noticed Crazy Yiuf
  7106 | D:7      | Killed Crazy Yiuf
  7161 | D:7      | Reached skill level 1 in Invocations
  7397 | D:7      | Found Icsirch's Antique Weapon Shoppe.
  7542 | D:7      | Found an ancient bone altar of Kikubaaqudgha.
  7575 | D:7      | Found Gouda's Assorted Antiques.
  7584 | D:7      | Bought a scroll of identify for 48 gold pieces
  7854 | D:8      | Noticed a two-headed ogre
  7862 | D:8      | Killed a two-headed ogre
  7862 | D:8      | Reached *** piety under Okawaru
  7862 | D:8      | Reached skill level 10 in Long Blades
  7862 | D:8      | Reached skill level 5 in Armour
  8585 | D:8      | Noticed Tiamon's ghost (novice HOFi)
  8765 | D:8      | Reached **** piety under Okawaru
  8857 | D:8      | Reached XP level 10. HP: 84/88 MP: 10/10
  9028 | D:8      | Killed Tiamon's ghost
  9494 | D:9      | Found Etuel's Gadget Emporium.
  9542 | D:9      | Found Sothifo's Assorted Antiques.
  9566 | D:9      | Bought a scroll labeled VITONI TIQEECW for 21 gold pieces
  9573 | D:9      | Bought a scroll of identify for 42 gold pieces
  9589 | D:9      | Reached skill level 11 in Long Blades
  9897 | D:9      | Noticed Erolcha
  9909 | D:9      | Killed Erolcha
  9909 | D:9      | Reached ***** piety under Okawaru
 10192 | D:9      | Found Juelasi's Gadget Shoppe.
 10227 | D:9      | Found a staircase to the Lair.
 10241 | D:9      | Reached skill level 5 in Shields
 10795 | D:9      | Found a staircase to the Orcish Mines.
 10798 | D:9      | Noticed a two-headed ogre
 10813 | D:9      | Killed a two-headed ogre
 10813 | D:9      | Received a gift from Okawaru
 10813 | D:9      | Reached XP level 11. HP: 79/97 MP: 13/13
 10816 | D:9      | Got a fine scimitar {god gift}
 10817 | D:9      | Identified the +9 scimitar of Perversion {antimagic, rC+ Str+2 Int-5} (Okawaru gifted it to you on level 9 of the Dungeon)
 10963 | D:9      | Found a roughly hewn altar of Beogh.
 11096 | D:9      | Reached skill level 12 in Long Blades
 11204 | Lair:1   | Entered Level 1 of the Lair of Beasts
 11241 | Lair:1   | Noticed a seven-headed hydra
 11362 | Lair:1   | Killed a seven-headed hydra
 11860 | Lair:1   | Reached skill level 5 in Invocations
 12447 | Lair:2   | Received a gift from Okawaru
 12450 | Lair:2   | Got a twisted demon blade {god gift}
 12451 | Lair:2   | Identified the +6 demon blade of Gitexag {flame, rC+} (Okawaru gifted it to you on level 2 of the Lair of Beasts)
 12553 | Lair:2   | Reached skill level 1 in Evocations
 13607 | Lair:3   | Received a gift from Okawaru
 13607 | Lair:3   | Reached skill level 13 in Long Blades
 13646 | Lair:3   | Found a bloodstained altar of Trog.
 13652 | Lair:3   | Found a staircase to the Snake Pit.
 13667 | Lair:3   | Reached ****** piety under Okawaru
 13775 | Lair:3   | Noticed an eight-headed hydra
 13792 | Lair:3   | Killed a five-headed hydra
 13792 | Lair:3   | Reached XP level 12. HP: 41/106 MP: 12/15
 13843 | Lair:3   | Found a labyrinth entrance.
 13855 | Lab      | Entered a labyrinth
 14400 | Lab      | Noticed a minotaur
 14405 | Lab      | Killed a minotaur
 14689 | Lair:3   | Found a staircase to the Swamp.
 15188 | Lair:3   | Reached skill level 10 in Fighting
 15277 | Lair:3   | Noticed a six-headed hydra
 15285 | Lair:3   | Killed a two-headed hydra
 15502 | Lair:3   | Got an encrusted hand crossbow
 15506 | Lair:3   | Splashed by an oklob plant's acid

Skill      XL: |  1  2  3  4  5  6  7  8  9 10 11 12 |
---------------+-------------------------------------+-----
Long Blades    | 4 5 6 7 9 10 11 13 | 13.5
Stealth        | 2 3 4 5 |  5.1
Fighting       | 4 5 6 7 9 10 | 10.0
Dodging        | 4 5 6 7 8 9 |  9.3
Shields        | 1 3 5 6 7 |  7.1
Armour         | 2 4 5 7 8 |  8.7
Invocations    | 2 4 6 |  6.6
Evocations     | 2 3 |  3.0

Action                   |  1- 3 |  4- 6 |  7- 9 | 10-12 || total
-------------------------+-------+-------+-------+-------++-------
Melee: Falchion          |    66 |   139 |       |       ||   205
       Headbutt          |    17 |    38 |    42 |   104 ||   201
       Long sword        |       |    39 |    12 |       ||    51
       Scimitar          |       |       |   216 |   249 ||   465
       Demon blade       |       |       |       |   218 ||   218
       Rapier            |       |       |       |    12 ||    12
 Fire: Hunting sling     |       |    17 |       |       ||    17
Throw: Tomahawk          |       |     4 |       |       ||     4
Invok: Heroism           |       |       |       |     8 ||     8
       Finesse           |       |       |       |     2 ||     2
  Use: Scroll            |       |    13 |     7 |     8 ||    28
       Potion            |       |     1 |       |     8 ||     9
 Stab: Sleeping          |     1 |     7 |       |       ||     8
  Eat: Chunk             |     1 |    11 |     9 |    14 ||    35
       Meat ration       |       |       |     2 |     1 ||     3
Armor: Leather armour    |    18 |    25 |       |     3 ||    46
       Chain mail        |       |    15 |    73 |   161 ||   249
       Plate armour      |       |       |       |    15 ||    15
       Skin              |       |       |       |     3 ||     3
Dodge: Dodged            |    56 |   104 |    79 |   177 ||   416
Block: Other             |     6 |     9 |       |       ||    15
       Reflection        |       |     2 |     2 |     7 ||    11
       Buckler           |       |    17 |    74 |   207 ||   298
       Rpst.: Falchion   |    22 |    18 |       |       ||    40
       Long sword        |       |     1 |     1 |       ||     2
       Scimitar          |       |       |    26 |    20 ||    46
       Demon blade       |       |       |       |    17 ||    17
